 Dungeon Crawl Stone Soup version 0.30-a0-141-g30f27751c5 (webtiles) character file.

Game seed: 16043862311133165473

1601 qw the Chopper (level 8, 0/49 HPs)
             Began as a Gargoyle Fighter on Sept 25, 2022.
             Was a Follower of Okawaru.
             Slain by Joseph
             ... wielding a +0 quarterstaff
              (15 damage)
             ... on level 7 of the Dungeon.
             The game lasted 00:02:30 (8649 turns).

qw the Chopper (Gargoyle Fighter)                   Turns: 8649, Time: 00:02:31

Health: 0/49       AC: 12    Str: 21    XL:     8   Next: 94%
Magic:  10/11      EV:  9    Int:  6    God:    Okawaru [*.....]
Gold:   1453       SH: 12    Dex: 13    Spells: 7/7 levels left

rFire   . . .      SeeInvis +    g - +0 war axe (vamp)
rCold   . . .      Faith    .    e - +0 kite shield
rNeg    + . .      Spirit   .    c - +0 chain mail
rPois   inf        Reflect  .    (helmet restricted)
rElec   +          Harm     .    (no cloak)
rCorr   .          Rampage  .    (no gloves)
Will    .....                    (no boots)
Stlth   ..........               (no amulet)
HPRegen 0.16/turn                l - ring of see invisible
MPRegen 0.12/turn                (no ring)

@: heroic
A: sickness immunity, AC +5, negative energy resistance 1, electricity
resistance, torment resistance 1, petrification resistance, horns 1, agile 1,
deformed body, dopey 1
a: Renounce Religion, Heroism


You were on level 7 of the Dungeon.
You worshipped Okawaru.
Okawaru was aware of your devotion.
You visited 1 branch of the dungeon, and saw 7 of its levels.
You also visited: Sewer.

You collected 1579 gold pieces.
You spent 126 gold pieces at shops.


Innate Abilities, Weirdness & Mutations

You are immune to sickness and miasma.
Your stone body is resilient. (AC +5)
You are immune to poison.
You resist negative energy. (rN+)
You are resistant to electric shocks. (rElec)
You are resistant to unholy torment.
You are immune to petrification.
You have a pair of small horns on your head.
You are agile. (Dex +4, Str/Int -1)
Armour fits poorly on your strangely shaped body.
You are dopey. (Int -2)


   Skills:
 - Level 5.2(10.2) Fighting
 + Level 7.0(12.0) Axes
 - Level 3.2(8.2) Armour
 - Level 1.0(6.0) Dodging
 - Level 7.0(12.0) Shields
 - Level 4.0 Invocations


You had 7 spell levels left.
You didn't know any spells.
Your spell library was empty.

Inventory:

Hand Weapons
 b - a +0 flail
 g - a +0 vampiric war axe (weapon)
Armour
 c - a +0 chain mail (worn)
 e - a +0 kite shield (worn)
Jewellery
 l - a ring of see invisible (left hand)
Scrolls
 a - a scroll of identify
Potions
 d - a potion of might
 f - 4 potions of curing
 h - 2 potions of resistance
 j - 2 potions of cancellation
 n - 4 potions of haste
 q - a potion of magic {unknown}

Dungeon Overview and Level Annotations

Branches:
Dungeon (7/15)              Sewer (visited)
 Temple: D:4-7

Altars:
Elyvilon
Fedhas
Kikubaaqudgha
Nemelex Xobeh
Okawaru
Ru
Uskayaw
Wu Jian
The Shining One

Shops:
D:1 [   D:4 [

Annotations:
D:7 Joseph


Message History

Joseph hits you with a +0 quarterstaff!
You hit the scorpion. Your headbutt misses the scorpion.
The scorpion is severely wounded.
You slash the iguana!
You feel better.
You kill the iguana!
Okawaru accepts your kill.
You hit Joseph.
The scorpion stings you but does no damage.
You block Joseph's attack.
You barely miss the scorpion.
The scorpion is severely wounded.
You slash Joseph!
You feel better. The scorpion barely misses you.
A hound comes into view.
You block Joseph's attack.
The hound barks!
You hit the scorpion.
You feel better.
The scorpion is almost dead.
You hit Joseph.
You feel better. The scorpion completely misses you. You block Joseph's attack.
The scorpion stings you.
You slash the scorpion!
You feel better.
You kill the scorpion!
Okawaru accepts your kill.
You closely miss Joseph. Joseph hits you with a +0 quarterstaff!
Your base Shields skill increases to level 7!
You slash Joseph!
Joseph is heavily wounded.
Joseph hits you with a +0 quarterstaff.
You hit Joseph.
Joseph is heavily wounded.
Joseph closely misses you.
You barely miss Joseph.
Joseph is heavily wounded.
You slash the hound! The hound bites you but does no damage.
The hound barely misses you.
Joseph says, "You must be punished!
Or...
I want to punish you!" Joseph hits you with a +0 quarterstaff!
You die...

.. ..... .
##.####....
..#@....(..?##
#...........##
#............
....!......
#........#
#%@.......
#@.....###
#......h........
..#.........#..#
##........# ..
#..........# .
##........##
#.........
####.......


You could see Joseph (strong) and a hound.

Vanquished Creatures
  A water moccasin (D:6)
  An ogre (D:4)
  A black bear (D:6)
  An ice beast (D:5)
  A phantom (D:5)
  2 centaurs
  2 bullfrogs (Sewer)
  A necrophage (D:6)
  A scorpion (D:7)
  2 hounds (D:6)
  2 orc priests
  2 jellies (D:6)
  Terence (D:2)
  4 iguanas
  Ijyb (D:3)
  5 orc wizards
  8 adders
  9 river rats
  A shadow imp (D:5)
  2 worms (D:2)
  2 dart slugs
  17 orcs
  6 endoplasms
  7 giant cockroaches
  8 goblins
  2 hobgoblins
  4 jackals (D:5)
  2 quokkas (D:1)
  15 ball pythons
  7 bats
  5 frilled lizards
  9 kobolds
  26 rats
158 creatures vanquished.

Notes
Turn   | Place    | Note
-------+----------+-------------------------------------------
     0 | D:1      | qw the Gargoyle Fighter began the quest for the Orb.
     0 | D:1      | Reached XP level 1. HP: 14/14 MP: 1/1
     0 | D:1      | 0 ||| qw: Version: 0.2-a-10-g399e6c4
     0 | D:1      | 0 ||| qw: Game counter: 224
     0 | D:1      | 0 ||| qw: Always use a shield: true
     0 | D:1      | 0 ||| qw: God list: Okawaru
     0 | D:1      | 0 ||| qw: Allow faded altars: false
     0 | D:1      | 0 ||| qw: Do Orc after D:15 true
     0 | D:1      | 0 ||| qw: Do second Lair branch before Depths: true
     0 | D:1      | 0 ||| qw: Lair rune preference: random
     0 | D:1      | 0 ||| qw: Plans: Normal, Zot:1-4, God:TSO, Crypt, Tomb,
                  | Pan, Slime:5, Hells, Abyss, Orb
     0 | D:1      | 0 ||| PLANNING D:1-11
   169 | D:1      | Found a faded altar of an unknown god.
   533 | D:1      | Reached XP level 2. HP: 19/19 MP: 2/2
  1102 | D:1      | 1102 ||| DROPPING +0 club.
  1109 | D:1      | Found Lushrid's Antique Armour Boutique.
  1119 | D:1      | 1119 ||| SHOPLISTING faintly humming leather armour (217
                  | gold, have 60).
  1119 | D:1      | 1119 ||| SHOPLISTING pair of boots (139 gold, have 60).
  1160 | D:1      | Reached skill level 3 in Axes
  1426 | D:1      | Reached XP level 3. HP: 23/23 MP: 3/3
  1754 | D:1      | 1754 ||| UPGRADING to ring of see invisible.
  1755 | D:1      | 1755 ||| READING 2 scrolls labelled FOJACA RUET.
  1756 | D:1      | 1756 ||| READING scroll labelled UMOWKI RATEGO.
  1757 | D:1      | 1757 ||| READING scroll labelled QEUDIQ WUES.
  1758 | D:1      | 1758 ||| READING scroll labelled DAPESOLAAR.
  1827 | D:2      | 1827 ||| Stepping ~*~*~tactically~*~*~ (stealth).
  1840 | D:2      | Noticed Terence
  1853 | D:2      | Killed Terence
  1966 | D:2      | Reached XP level 4. HP: 20/28 MP: 4/4
  2061 | D:2      | 2061 ||| Stepping ~*~*~tactically~*~*~ (stealth).
  2363 | D:2      | 2363 ||| Stepping ~*~*~tactically~*~*~ (stealth).
  2365 | D:2      | 2365 ||| Stepping ~*~*~tactically~*~*~ (stealth).
  2366 | D:2      | 2366 ||| Stepping ~*~*~tactically~*~*~ (stealth).
  2884 | D:2      | 2884 ||| DRINKING 2 puce potions.
  2885 | D:2      | 2885 ||| READING 2 scrolls of identify.
  2885 | D:2      | 2885 ||| IDENTIFYING fizzy clear potion
  2886 | D:2      | 2886 ||| DROPPING potion of degeneration.
  2887 | D:2      | 2887 ||| DROPPING potion of brilliance.
  3009 | D:3      | Found a glowing golden altar of the Shining One.
  3092 | D:3      | 3092 ||| Stepping ~*~*~tactically~*~*~ (stealth).
  3300 | D:3      | Reached XP level 5. HP: 32/32 MP: 5/5
  3851 | D:3      | Noticed Ijyb
  3856 | D:3      | Killed Ijyb
  3999 | D:3      | 3999 ||| UPGRADING to +0 kite shield.
  4009 | D:3      | 4009 ||| DROPPING +0 buckler.
  4010 | D:3      | 4010 ||| READING 3 scrolls of identify.
  4010 | D:3      | 4010 ||| IDENTIFYING purple potion
  4011 | D:3      | 4011 ||| READING 2 scrolls of identify.
  4011 | D:3      | 4011 ||| IDENTIFYING fizzy white potion
  4012 | D:3      | 4012 ||| DROPPING potion of ambrosia.
  4020 | D:4      | 4020 ||| PLANNING SEWER
  4027 | D:4      | 4027 ||| Stepping ~*~*~tactically~*~*~ (hiding).
  4143 | D:4      | Found an iron altar of Okawaru.
  4160 | D:4      | Found Vacy's Antique Armour Shoppe.
  4166 | D:4      | 4166 ||| BUYING chain mail (126 gold).
  4166 | D:4      | Bought a chain mail for 126 gold pieces
  4412 | D:4      | Found a glowing drain.
  4413 | D:4      | 4413 ||| UPGRADING to +0 chain mail.
  4423 | D:4      | 4423 ||| DROPPING +0 scale mail.
  4424 | D:4      | 4424 ||| DRINKING 2 cyan potions.
  4425 | D:4      | 4425 ||| DROPPING potion of flight.
  4506 | D:4      | Became a worshipper of Warmaster Okawaru
  4589 | Sewer    | Entered a sewer
  4606 | Sewer    | Reached XP level 6. HP: 38/38 MP: 6/6
  4738 | Sewer    | 4738 ||| Stepping ~*~*~tactically~*~*~ (water).
  4790 | Sewer    | 4790 ||| Stepping ~*~*~tactically~*~*~ (stealth).
  4793 | Sewer    | 4793 ||| Stepping ~*~*~tactically~*~*~ (stealth).
  5066 | Sewer    | HP: 9/38 [adder (2)]
  5068 | Sewer    | HP: 4/38 [bullfrog (4)]
  5069 | Sewer    | Reached * piety under Okawaru
  5070 | Sewer    | Reached XP level 7. HP: 5/44 MP: 7/7
  5070 | Sewer    | 5070 ||| INVOKING Heroism.
  5071 | Sewer    | 5071 ||| INVOKING Heroism.
  5366 | Sewer    | 5366 ||| READING scroll labelled USA NAGITZECOYN.
  5367 | Sewer    | 5367 ||| READING scroll labelled ASCHIER UFOI.
  5367 | Sewer    | Identified a scroll of acquirement
  5367 | Sewer    | 5367 ||| ACQUIRING +1 war axe of draining
  5367 | Sewer    | Acquired a +1 war axe of draining
  5369 | Sewer    | 5369 ||| SWAPPING to +1 war axe of draining.
  5370 | Sewer    | 5370 ||| DROPPING +0 war axe of draining.
  5371 | Sewer    | 5371 ||| READING scroll labelled AHOPHA ERRIOSS.
  5372 | Sewer    | 5372 ||| DRINKING 3 coppery potions.
  5376 | D:4      | 5376 ||| PLANNING D:1-11
  5506 | D:4      | 5506 ||| INVOKING Heroism.
  5516 | D:4      | 5516 ||| INVOKING Heroism.
  5516 | D:4      | HP: 6/44 [ogre/+0 giant spiked club (20)]
  5518 | D:4      | Reached skill level 1 in Invocations
  5793 | D:4      | 5793 ||| DROPPING +0 whip.
  5940 | D:4      | 5940 ||| Stepping ~*~*~tactically~*~*~ (hiding).
  5942 | D:4      | 5942 ||| Stepping ~*~*~tactically~*~*~ (stealth).
  5946 | D:4      | 5946 ||| Stepping ~*~*~tactically~*~*~ (stealth).
  5952 | D:4      | 5952 ||| INVOKING Heroism.
  5962 | D:4      | 5962 ||| Stepping ~*~*~tactically~*~*~ (stealth).
  5971 | D:4      | 5971 ||| FLEEEEING.
  5972 | D:4      | 5972 ||| INVOKING Heroism.
  6111 | D:4      | Found a sparkling altar of Nemelex Xobeh.
  6111 | D:4      | Found an ornate altar of the Wu Jian Council.
  6140 | D:4      | 6140 ||| READING scroll labelled PUSKAU UGGIAB.
  6173 | D:5      | Entered Level 5 of the Dungeon
  6264 | D:5      | 6264 ||| Stepping ~*~*~tactically~*~*~ (hiding).
  6268 | D:5      | 6268 ||| INVOKING Heroism.
  6269 | D:5      | Found a white marble altar of Elyvilon.
  6280 | D:5      | Reached skill level 6 in Axes
  6280 | D:5      | Reached skill level 3 in Invocations
  6280 | D:5      | Reached XP level 8. HP: 16/48 MP: 8/10
  6281 | D:5      | 6281 ||| INVOKING Heroism.
  6320 | D:5      | 6320 ||| INVOKING Heroism.
  6511 | D:5      | 6511 ||| INVOKING Heroism.
  6520 | D:5      | Reached skill level 6 in Shields
  6621 | D:5      | 6621 ||| Stepping ~*~*~tactically~*~*~ (hiding).
  6623 | D:5      | 6623 ||| Stepping ~*~*~tactically~*~*~ (hiding).
  6771 | D:5      | Reached skill level 1 in Dodging
  7067 | D:5      | 7067 ||| READING scroll labelled TIEHE BOINEBUR.
  7068 | D:5      | 7068 ||| READING scroll labelled SOKETE AZINYWK.
  7069 | D:5      | 7069 ||| READING scroll labelled ANA KOYBOASS.
  7170 | D:5      | 7170 ||| READING scroll labelled TUEKAKHLUROCS.
  7171 | D:5      | 7171 ||| DRINKING 3 orange potions.
  7204 | D:5      | 7204 ||| STAIRDANCE
  7208 | D:5      | 7208 ||| STAIRDANCE
  7212 | D:5      | 7212 ||| STAIRDANCE
  7216 | D:5      | 7216 ||| STAIRDANCE
  7220 | D:5      | 7220 ||| STAIRDANCE
  7224 | D:5      | 7224 ||| STAIRDANCE
  7228 | D:5      | 7228 ||| STAIRDANCE
  7232 | D:5      | 7232 ||| STAIRDANCE
  7236 | D:5      | 7236 ||| STAIRDANCE
  7240 | D:5      | 7240 ||| STAIRDANCE
  7244 | D:5      | 7244 ||| STAIRDANCE
  7248 | D:5      | 7248 ||| STAIRDANCE
  7252 | D:5      | 7252 ||| STAIRDANCE
  7256 | D:5      | 7256 ||| STAIRDANCE
  7260 | D:5      | 7260 ||| STAIRDANCE
  7264 | D:5      | 7264 ||| STAIRDANCE
  7268 | D:5      | 7268 ||| STAIRDANCE
  7272 | D:5      | 7272 ||| STAIRDANCE
  7276 | D:5      | 7276 ||| STAIRDANCE
  7280 | D:5      | 7280 ||| STAIRDANCE
  7300 | D:4      | Found an ancient bone altar of Kikubaaqudgha.
  7300 | D:4      | Found a blossoming altar of Fedhas.
  7300 | D:4      | Found a sacrificial altar of Ru.
  7373 | D:6      | 7373 ||| Stepping ~*~*~tactically~*~*~ (hiding).
  7374 | D:6      | 7374 ||| Stepping ~*~*~tactically~*~*~ (hiding).
  7376 | D:6      | 7376 ||| INVOKING Heroism.
  7413 | D:6      | 7413 ||| Stepping ~*~*~tactically~*~*~ (stealth).
  7417 | D:6      | 7417 ||| Stepping ~*~*~tactically~*~*~ (stealth).
  7449 | D:6      | 7449 ||| SWAPPING to +0 vampiric war axe.
  7450 | D:6      | 7450 ||| DROPPING +1 war axe of draining.
  7473 | D:6      | Found a hide-covered altar of Uskayaw.
  7473 | D:6      | Noticed a +0 short sword
  7473 | D:6      | Noticed a +0 short sword
  7473 | D:6      | Noticed a +0 dagger
  7474 | D:6      | Noticed a +0 spear
  7474 | D:6      | Noticed a +0 falchion
  7474 | D:6      | Noticed a +0 dagger
  7474 | D:6      | Noticed a +0 spear
  7475 | D:6      | Noticed a +0 falchion
  7612 | D:6      | 7612 ||| READING scroll of acquirement.
  7612 | D:6      | 7612 ||| ACQUIRING 1232 gold pieces
  7612 | D:6      | Acquired 1232 gold pieces
  8206 | D:6      | 8206 ||| INVOKING Heroism.
  8257 | D:6      | 8257 ||| Stepping ~*~*~tactically~*~*~ (hiding).
  8273 | D:6      | 8273 ||| INVOKING Heroism.
  8444 | D:6      | 8444 ||| INVOKING Heroism.
  8609 | D:6      | 8609 ||| READING scroll labelled ZYTWOE LEMMOTH.
  8610 | D:6      | 8610 ||| READING scroll labelled COPLUY FIUPT.
  8611 | D:6      | 8611 ||| DRINKING 2 ruby potions.
  8611 | D:6      | Gained mutation: You possess an exceptional clarity of
                  | mind. [potion of mutation]
  8611 | D:6      | Gained mutation: You have a pair of small antennae on your
                  | head. [potion of mutation]
  8611 | D:6      | Gained mutation: Armour fits poorly on your strangely
                  | shaped body. [potion of mutation]
  8611 | D:6      | Gained mutation: You have supernaturally acute eyesight.
                  | (SInv) [potion of mutation]
  8612 | D:6      | 8612 ||| REMOVING ring of see invisible.
  8613 | D:6      | 8613 ||| DRINKING potion of mutation.
  8613 | D:6      | Lost mutation: You have supernaturally acute eyesight.
                  | (SInv) [potion of mutation]
  8613 | D:6      | Lost mutation: You have a pair of small antennae on your
                  | head. [potion of mutation]
  8613 | D:6      | Lost mutation: You possess an exceptional clarity of mind.
                  | [potion of mutation]
  8613 | D:6      | Gained mutation: You are agile. (Dex +4, Str/Int -1)
                  | [potion of mutation]
  8613 | D:6      | Gained mutation: You are dopey. (Int -2) [potion of
                  | mutation]
  8613 | D:6      | Gained mutation: You have a pair of small horns on your
                  | head. [potion of mutation]
  8614 | D:6      | 8614 ||| UPGRADING to ring of see invisible.
  8615 | D:6      | 8615 ||| READING 2 scrolls of identify.
  8615 | D:6      | 8615 ||| IDENTIFYING fuming yellow potion
  8632 | D:7      | Noticed Joseph
  8633 | D:7      | 8633 ||| Stepping ~*~*~tactically~*~*~ (hiding).
  8640 | D:7      | 8640 ||| INVOKING Heroism.
  8640 | D:7      | HP: 7/49 [Joseph/+0 quarterstaff (24)]
  8641 | D:7      | 8641 ||| DRINKING potion of heal wounds.
  8649 | D:7      | Slain by Joseph

Levels and vault maps discovered:
D:1:      grunt_arrival_crossed_arrows, layout_basic, basic_ecumenical_altar,
          serial_shops, nicolae_shop_advertising_works
          [nicolae_subvault_shop_adworks]
D:2:      layout_basic, uniq_terence
D:3:      layout_loops_corners, mainiacjoe_overflow_chevrons, uniq_ijyb
D:4:      layout_gridville, okawaru_metal_pillars_1_2,
          nicolae_overflow_hidden_temple, gup_sewer_entry_spiral, serial_shops,
          nicolae_shop_overgrown_old_shop
D:5:      layout_cave_pools, elyvilon_altar_3, minivault_27, moated_statue,
          chequers_serial_rivers_large_b
D:6:      layout_basic, nicolae_uskayaw_en_pointe
D:7:      kennysheep_kobold_camp, layout_cave_pools,
          nicolae_overflow_crystal_walls, minmay_temple_entry_arrows,
          serial_shops, shop, uniq_crazy_yiuf_cottage, uniq_joseph,
          uniq_menkaure

Skill      XL: |  1  2  3  4  5  6  7  8 |
---------------+-------------------------+-----
Axes           | 2 3 4 5 6 7 |  7.0
Shields        | 5 7 |  7.0
Fighting       | 4 5 |  5.2
Invocations    | 3 4 |  4.0
Dodging        | 1 |  1.0
Armour         | |  3.2

Action                   |  1- 3 |  4- 6 |  7- 9 || total
-------------------------+-------+-------+-------++-------
Melee: War axe           |   116 |   217 |   137 ||   470
       Headbutt          |       |       |     1 ||     1
Invok: Heroism           |       |       |    14 ||    14
  Use: Scroll            |     4 |     3 |    12 ||    19
       Potion            |       |     2 |     5 ||     7
Armor: Scale mail        |    62 |    79 |       ||   141
       Chain mail        |       |    96 |    83 ||   179
Dodge: Dodged            |    54 |    80 |    39 ||   173
Block: Buckler           |    21 |    19 |       ||    40
       Kite shield       |       |    54 |    80 ||   134

Table legend:
 A = Non-vault XP
 B = Vault XP
 C = Vault XP percentage of total XP
 D = Non-vault monster count
 E = Vault monster count
 F = Vault count percentage of total count
                 A         B        C        D         E       F
            +---------+---------+-------+---------+---------+-------
      Total |    1818 |     470 |  20.5 |     108 |      50 |  31.6
            +---------+---------+-------+---------+---------+-------
        D:1 |      35 |       0 |   0.0 |      23 |       0 |   0.0
        D:2 |      47 |      38 |  44.7 |      18 |       1 |   5.3
        D:3 |     112 |      36 |  24.3 |      19 |       1 |   5.0
        D:4 |     253 |      33 |  11.5 |      16 |       6 |  27.3
        D:5 |     569 |       0 |   0.0 |      18 |       0 |   0.0
        D:6 |     690 |       0 |   0.0 |      12 |       0 |   0.0
        D:7 |     112 |       0 |   0.0 |       2 |       0 |   0.0
      Sewer |       0 |     363 | 100.0 |       0 |      42 | 100.0
            +---------+---------+-------+---------+---------+-------
